 Dungeon Crawl Stone Soup version 0.31.0-7-gf635a9b802 (webtiles) character file.

Game seed: 12036750858177428141

3075 Crownlay the Fighter (level 8, -5/71 HPs)
             Began as a Djinni Monk on Jan 23, 2024.
             Was a Priest of Ru.
             Slain by a wight
             ... wielding a +5 long sword
              (13 damage)
             ... on level 7 of the Dungeon.
             The game lasted 00:13:13 (7032 turns).

Crownlay the Fighter (Djinni Monk)                  Turns: 7032, Time: 00:13:14

Health: -5/71      AC:  8    Str: 10    XL:     8   Next: 12%
Gold:   142        EV: 13    Int: 21    God:    Ru [***...] SH:  0 Dex: 17

rFire   + + .        H - +4 dagger (elec)
rCold   . . .        d - orb {light}
rNeg    . . .        y - +2 robe "Itzyome" {^Contam rC+ Int+8}
rPois   ∞            v - +0 helmet
rElec   .            p - +1 cloak {Will+}
rCorr   .            f - +0 pair of gloves
SInv    .            (boots unavailable)
Will    +....        K - amulet of regeneration
Stlth   +            (no ring)
HPRegen 1.11/turn    (no ring)
MPRegen 0.00/turn

%: infuse magic (-6 HP)
@: unable to call your familiar, flying, glowing
A: sickness immunity, fire resistance 2, cold vulnerability 1, inexperienced 2,
float, innate caster, HP casting, extra vitality 1
a: Renounce Religion, Draw Out Power


You were on level 7 of the Dungeon.
You worshipped Ru.
Ru was most pleased with you.
You visited 2 branches of the dungeon, and saw 9 of its levels.
You also visited: Sewer.

You collected 373 gold pieces.
You spent 231 gold pieces at shops.

Inventory:

Hand Weapons
 m - a +0 falchion of holy wrath
 H - a +4 dagger of electrocution (weapon)
Missiles
 u - 8 boomerangs
 w - a throwing net
Armour
 d - an orb of light (worn)
 f - a +0 pair of gloves (worn)
 p - a +1 cloak of willpower (worn)
 v - a +0 helmet (worn)
 y - the +2 robe "Itzyome" (worn) {^Contam rC+ Int+8}
   (You found it on level 4 of the Dungeon)

   Int+8:     It affects your intelligence (+8).
   rC+:       It protects you from cold.
   ^Contam:   It causes magical contamination when unequipped.
 C - a +0 buckler
Magical Staves
 j - a staff of earth
Jewellery
 K - an amulet of regeneration (around neck)
Wands
 I - a wand of digging (7)
Scrolls
 b - a scroll of brand weapon {unknown}
 g - 4 scrolls of teleportation {unknown}
 i - 4 scrolls of identify {unknown}
 k - 2 scrolls of acquirement {unknown}
 l - 2 scrolls of revelation {unknown}
 n - 2 scrolls of blinking {unknown}
 s - a scroll of noise {unknown}
 t - a scroll of enchant weapon {unknown}
 x - 2 scrolls of fog {unknown}
 D - 2 scrolls of poison {unknown}
 E - a scroll of fear {unknown}
 F - a scroll of silence {unknown}
Potions
 a - 2 potions of degeneration {unknown}
 c - 3 potions of ambrosia
 e - 2 potions of lignification {unknown}
 h - 2 potions of enlightenment {unknown}
 o - 2 potions of haste {unknown}
 q - a potion of brilliance {unknown}
 r - 5 potions of curing {unknown}
 z - a potion of attraction {unknown}
 A - a potion of heal wounds {unknown}
 B - a potion of cancellation {unknown}
 G - a potion of magic {unknown}
 J - a potion of mutation {unknown}


   Skills:
 * Level 11.4 Fighting
 - Level 2.6 Short Blades
 - Level 3.2 Dodging
 + Level 5.9 Spellcasting
 + Level 5.9 Conjurations
 + Level 5.9 Hexes
   Level 0.0 Charms
 + Level 5.9 Summonings
 + Level 5.9 Necromancy
 + Level 5.9 Translocations
   Level 0.0 Transmutations
 + Level 5.9 Fire Magic
 + Level 5.9 Ice Magic
 + Level 5.9 Air Magic
 + Level 5.9 Earth Magic
 + Level 5.9 Alchemy


You knew the following spells:

 Your Spells              Type           Power      Damage    Failure   Level
a - Kiss of Death         Conj/Necr      100%       2d13      1%          1
b - Call Imp              Summ           62%        N/A       1%          2
c - Call Canine Familiar  Summ           31%        N/A       2%          3
Your spell library was empty.

Dungeon Overview and Level Annotations

Branches:
Dungeon (8/15)             Temple (1/1) D:4           Sewer (visited)
   Lair: D:8-11

Altars:
Cheibriados
Dithmenos
Elyvilon
Fedhas
Hepliaklqana
Nemelex Xobeh
Okawaru
Qazlal
Ru
Trog
Uskayaw
Wu Jian
Xom
Yredelemnul
Zin
The Shining One
Lugonu

Shops:
D:2 (   D:7 [

Annotations:
D:7 3 runed translucent doors, unihiutale's ghost, novice HuWn
D:8 Maurice; Prince Ribbit


Innate Abilities, Weirdness & Mutations

You are immune to sickness and miasma.
You are immune to poison.
Your flesh is very heat resistant. (rF++)
You are vulnerable to cold. (rC-)
You are inexperienced. (-2 XL)
You float through the air rather than walking.
You learn spells naturally, not from books.
Your magical power is your life essence.
You have superior vitality. (+4 MHP)


Message History

The wight hits you with a +5 long sword!
The orc warrior attacks as it pursues you!
The orc warrior hits you with a +0 hand axe.
There is a stone staircase leading up here.
Prince Ribbit blinks!
The wight is stunned by your conviction and fails to attack.
The orc warrior hits you with a +0 hand axe!
* * * LOW HITPOINT WARNING * * *
You fly upwards.
Level annotation: 3 runed translucent doors, unihiutale's ghost, novice HuWn
There is a stone staircase leading down here.
You hit the orc warrior.
The orc warrior is moderately wounded.
The wight hits you with a +5 long sword.
* * * LOW HITPOINT WARNING * * *
The orc warrior is stunned by your conviction and fails to attack.
You hit the orc warrior but do no damage.
The orc warrior is moderately wounded.
The wight barely misses you.
You hit the orc warrior.
The orc warrior is moderately wounded.
The orc warrior hits you with a +0 hand axe.
* * * LOW HITPOINT WARNING * * *
You hit the orc warrior.
The orc warrior is heavily wounded.
The wight closely misses you.
The orc warrior hits you with a +0 hand axe.
* * * LOW HITPOINT WARNING * * *
You barely miss the orc warrior.
The orc warrior is heavily wounded.
The wight barely misses you. The orc warrior barely misses you.
You hit the orc warrior but do no damage.
The orc warrior is heavily wounded.
The wight barely misses you.
The orc warrior hits you with a +0 hand axe!
* * * LOW HITPOINT WARNING * * *
You hit the orc warrior.
The orc warrior is heavily wounded.
The wight hits you with a +5 long sword!
You die...

....### ##..................
#.....# #.......∩..........
#.###.# ##.###.....###.##.. #.#
#.# #.# #.###.# #.##.. #.###.#
#.# #.###.###.##.. #.....# #.#
#...#...<..... ###.### #.#
###.#..##.###. #.# #o# #.#..##.#
#. #.# #@# #.#..##.###. ###.#
#z#####.#.........
....############.....†.......####
##........................####
##..........#########.####
##########.#########.#
#...........# #############


You could see an orc warrior and a wight.

Vanquished Creatures
  A troll (D:6)
  The ghost of lugworm the Sneak, an amateur SpAl (D:4)
  A black bear (D:7)
  4 sky beasts
  4 ogres
  An ice beast (D:7)
  A centaur (D:6)
  A phantom (D:7)
  2 bullfrogs (D:6)
  3 scorpions
  11 wights
  3 howler monkeys (D:8)
  4 bombardier beetles
  2 orc priests
  2 hounds
  4 iguanas
  3 orc wizards
  A hell rat (Sewer)
  Robin (D:4)
  7 adders
  A shadow imp (D:6)
  4 ufetubi (D:7)
  A ribbon worm (D:3)
  2 dart slugs (D:1)
  13 orcs
  6 endoplasms
  7 giant cockroaches
  16 goblins
  10 hobgoblins
  9 jackals
  6 quokkas
  9 ball pythons
  10 bats
  3 frilled lizards
  8 kobolds
  7 rats
169 creatures vanquished.

Vanquished Creatures (collateral kills)
  A wight (D:5)
  2 orc priests
  A jelly (D:8)
  An orc (D:6)
  3 goblins (D:4)
  A hobgoblin (D:4)
9 creatures vanquished.

Vanquished Creatures (others)
  A quokka (D:4)
1 creature vanquished.

Grand Total: 179 creatures vanquished

Notes
Turn   | Place    | Note
-------+----------+-------------------------------------------
     0 | D:1      | Crownlay the Djinni Monk began the quest for the Orb.
     0 | D:1      | Reached XP level 1. HP: 20/20 MP: 0/0
   110 | D:1      | Reached XP level 2. HP: 25/25 MP: 0/0
   507 | D:1      | Reached XP level 3. HP: 30/30 MP: 0/0
   507 | D:1      | Learned a level 1 spell: Kiss of Death
   537 | D:1      | Reached skill level 1 in Spellcasting
   537 | D:1      | Reached skill level 1 in Conjurations
   537 | D:1      | Reached skill level 1 in Hexes
   537 | D:1      | Reached skill level 1 in Summonings
   537 | D:1      | Reached skill level 1 in Necromancy
   537 | D:1      | Reached skill level 1 in Translocations
   537 | D:1      | Reached skill level 1 in Fire Magic
   537 | D:1      | Reached skill level 1 in Ice Magic
   537 | D:1      | Reached skill level 1 in Air Magic
   537 | D:1      | Reached skill level 1 in Earth Magic
   537 | D:1      | Reached skill level 1 in Alchemy
  1076 | D:2      | Found a faded altar of an unknown god.
  1083 | D:2      | Reached skill level 4 in Fighting
  1155 | D:2      | Reached XP level 4. HP: 31/37 MP: 0/0
  1554 | D:2      | Found Qoykaem's Weapon Boutique.
  1825 | D:3      | Reached XP level 5. HP: 39/42 MP: 0/0
  1825 | D:3      | Learned a level 2 spell: Call Imp
  1941 | D:3      | Found an iron altar of Okawaru.
  2038 | D:3      | Reached skill level 5 in Fighting
  2076 | D:3      | Found a glowing drain.
  2082 | D:3      | Reached XP level 6. HP: 49/49 MP: 0/0
  2095 | Sewer    | Entered a sewer
  2448 | D:4      | Noticed Robin
  2453 | D:4      | Killed Robin
  2510 | D:4      | Found a staircase to the Ecumenical Temple.
  2525 | Temple   | Entered the Ecumenical Temple
  2559 | Temple   | Became a worshipper of Ru the Awakened
  2564 | Temple   | Gained mutation: You are somewhat inexperienced. (-1 XL)
                  | [Ru sacrifice]
  2564 | Temple   | Reached XP level 5. HP: 45/45 MP: 0/0
  2564 | Temple   | Reached * piety under Ru
  2564 | Temple   | Reached ** piety under Ru
  2683 | D:4      | Found a stormy altar of Qazlal.
  2814 | D:4      | Identified the +2 robe "Itzyome" {^Contam rC+ Int+8}
  2844 | D:4      | Reached skill level 6 in Fighting
  2918 | D:4      | Found a large runed translucent door.
  2918 | D:4      | Found a large runed translucent door.
  2922 | D:4      | Noticed lugworm's ghost (amateur SpAl)
  2958 | D:4      | Found a hide-covered altar of Uskayaw.
  2958 | D:4      | Found a snail-covered altar of Cheibriados.
  2960 | D:4      | Found an ornate altar of the Wu Jian Council.
  3153 | D:4      | Reached XP level 6. HP: 50/50 MP: 0/0
  3201 | D:4      | Found a glowing golden altar of the Shining One.
  3203 | D:4      | Found a white marble altar of Elyvilon.
  3335 | D:4      | Killed lugworm's ghost
  3366 | D:5      | Entered Level 5 of the Dungeon
  3444 | D:5      | Reached skill level 7 in Fighting
  3497 | D:5      | Reached XP level 7. HP: 31/58 MP: 0/0
  3497 | D:5      | Learned a level 3 spell: Call Canine Familiar
  3611 | D:5      | Found a shadowy altar of Dithmenos.
  3963 | D:5      | Found a hazy altar of Hepliaklqana.
  3997 | D:5      | Identified the +8 plate armour of Supple Strength {Harm
                  | Dex-2 SInv}
  4167 | D:5      | Reached skill level 8 in Fighting
  4587 | D:6      | HP: 2/60 [ogre/+0 giant spiked club (16)]
  4921 | D:6      | Gained mutation: You are inexperienced. (-2 XL) [Ru
                  | sacrifice]
  4921 | D:6      | Reached XP level 6. HP: 55/55 MP: 0/0
  4921 | D:6      | Reached *** piety under Ru
  4972 | D:6      | Reached skill level 9 in Fighting
  4972 | D:6      | Reached XP level 7. HP: 47/61 MP: 0/0
  5221 | D:6      | Noticed a troll
  5226 | D:6      | Killed a troll
  5244 | D:6      | Reached skill level 5 in Spellcasting
  5244 | D:6      | Reached skill level 5 in Conjurations
  5244 | D:6      | Reached skill level 5 in Hexes
  5244 | D:6      | Reached skill level 5 in Summonings
  5244 | D:6      | Reached skill level 5 in Necromancy
  5244 | D:6      | Reached skill level 5 in Translocations
  5244 | D:6      | Reached skill level 5 in Fire Magic
  5244 | D:6      | Reached skill level 5 in Ice Magic
  5244 | D:6      | Reached skill level 5 in Air Magic
  5244 | D:6      | Reached skill level 5 in Earth Magic
  5244 | D:6      | Reached skill level 5 in Alchemy
  5287 | D:6      | Reached skill level 10 in Fighting
  5417 | D:6      | Found a sparkling altar of Nemelex Xobeh.
  5894 | D:7      | Found a runed translucent gate.
  5896 | D:7      | Found a runed translucent gate.
  5897 | D:7      | Found a runed translucent gate.
  5897 | D:7      | Noticed unihiutale's ghost (novice HuWn)
  6186 | D:7      | Found Dotiyfur's Armour Boutique.
  6218 | D:7      | Bought a +1 cloak of willpower for 231 gold pieces
  6662 | D:7      | HP: 2/64 [wight/+0 spear (6)]
  6663 | D:7      | Reached skill level 11 in Fighting
  6665 | D:7      | Reached XP level 8. HP: 2/71 MP: 0/0
  6977 | D:8      | Noticed Prince Ribbit
  7006 | D:8      | Noticed Maurice
  7032 | D:7      | Slain by a wight

Illustrated notes

Levels and vault maps discovered:
D:1:      dpeg_arrival_ternary, layout_loops_ring, serial_forest,
          infiniplex_forest_zigzag_1, infiniplex_forest_end_3,
          infiniplex_forest_corner_2, infiniplex_forest_straight_3,
          infiniplex_forest_zigzag_1, infiniplex_forest_zigzag_1,
          infiniplex_forest_clump_double, infiniplex_forest_lined_room_
D:2:      layout_rooms, chequers_ecumenical_altar_simple_redux, serial_shops,
          nicolae_shop_tiny_glass
D:3:      layout_rooms, okawaru_gym_becter, portal_sewer_entry_b,
          palyth_stone_intersect
D:4:      layout_cave_pods, mainiacjoe_overflow_catwalk,
          nicolae_qazlal_eye_of_the_storm, nicolae_overflow_hidden_temple,
          minmay_temple_entry_grid, ebering_ghost_disaster_area, uniq_robin
D:5:      layout_cave_pods, amcnicky_altar_gilded,
          mainiacjoe_overflow_cross_hatched, minivault_19
D:6:      layout_loops_ring, nemelex_dance_club_becter, chequers_garden
D:7:      layout_loops_ring, gammafunk_ghost_split, serial_shops, shop,
          minmay_statues_item
D:8:      layout_rooms, uniq_maurice, uniq_prince_ribbit1
Temple:   corrupted_temple

Skill      XL: |  1  2  3  4  5  6  7 |
---------------+----------------------+-----
Spellcasting   | 1 2 3 5 |  5.9
Conjurations   | 1 2 3 5 |  5.9
Hexes          | 1 2 3 5 |  5.9
Summonings     | 1 2 3 5 |  5.9
Necromancy     | 1 2 3 5 |  5.9
Translocations | 1 2 3 5 |  5.9
Fire Magic     | 1 2 3 5 |  5.9
Ice Magic      | 1 2 3 5 |  5.9
Air Magic      | 1 2 3 5 |  5.9
Earth Magic    | 1 2 3 5 |  5.9
Alchemy        | 1 2 3 5 |  5.9
Fighting       | 4 6 9 11 | 11.4
Short Blades   | |  2.6
Dodging        | |  3.2

Action                     |  1- 3 |  4- 6 |  7- 9 || total
---------------------------+-------+-------+-------++-------
  Melee: Short sword       |   155 |   245 |    61 ||   461
         Dagger            |       |       |   175 ||   175
  Throw: Boomerang         |       |     1 |       ||     1
   Cast: Call Imp          |       |     4 |     8 ||    12
         Call Canine Famil |       |     1 |     7 ||     8
 Invoke: Sacrifice Experie |       |     2 |       ||     2
   Stab: Distracted        |       |       |     5 ||     5
         Invisible         |       |       |     4 ||     4
 Armour: Robe              |    68 |    95 |   134 ||   297
  Dodge: Dodged            |   103 |   147 |   163 ||   413
